 Dungeon Crawl Stone Soup version 0.31-a0-175-g9f7f995f2b (webtiles) character file.

Game seed: 16609711004864158274

8 Moral the Cutter (level 2, 19/19 HPs)
             Began as a Kobold Berserker on June 17, 2023.
             Was a Follower of Trog.
             Got out of the dungeon alive.
             The game lasted 00:01:17 (319 turns).

Moral the Cutter (Kobold Berserker)                  Turns: 319, Time: 00:01:17

Health: 19/19      AC:  2    Str: 14    XL:     2   Next: 15%
Magic:  2/2        EV: 15    Int:  8    God:    Trog [*.....]
Gold:   23         SH:  0    Dex: 14    Spells: 1/1 levels left

rFire   . . .        a - +0 short sword
rCold   . . .        (no shield)
rNeg    . . .        b - +0 animal skin
rPois   .            (no helmet)
rElec   .            (no cloak)
rCorr   .            (no gloves)
SInv    .            (no boots)
Will    .....        (no amulet)
Stlth   ++           (no ring)
HPRegen 0.23/turn    (no ring)
MPRegen 0.08/turn

%: no passive effects
@: no status effects
A: small, no large weapons, nightstalker 3
a: Renounce Religion, Berserk


You escaped.
You worshipped Trog.
Trog was aware of your devotion.
You visited 1 branch of the dungeon, and saw 1 of its levels.

You collected 23 gold pieces.

Inventory:

Hand Weapons
 a - a +0 short sword (weapon)
Armour
 b - a +0 animal skin (worn)
Scrolls
 c - a scroll of amnesia {unknown}
Potions
 d - a potion of degeneration {unknown}


   Skills:
 + Level 3.4 Fighting
 * Level 4.4 Short Blades
 - Level 1.5 Armour
 + Level 2.6 Dodging


You had one spell level left.
You didn't know any spells.
Your spell library was empty.

Dungeon Overview and Level Annotations

Branches:
Dungeon (1/15)

Altars:


Innate Abilities, Weirdness & Mutations

You are small and have problems with some larger weapons.
You are completely attuned to the shadows.


Message History

Trog accepts your kill.
You see here a ball python corpse.
You now have 23 gold pieces (gained 10).
You see here a ball python corpse.
You open the door.
A ball python comes into view.
A ball python is nearby!
A ball python is nearby!
A ball python is nearby!
The ball python hisses angrily.
You hit the ball python but do no damage.
The ball python bites you. The ball python barely misses you.
You hit the ball python.
You kill the ball python!
Trog accepts your kill.
You see here a ball python corpse.
Unknown command.
You see here a ball python corpse.
Things that are here:
a +0 club; a goblin skeleton Why would you want to do that?
Why would you want to do that? Why would you want to do that?
Why would you want to do that?
There is a staircase leading out of the dungeon here.
There is a stone staircase leading down here.
Why would you want to do that? Why would you want to do that?
Why would you want to do that? Why would you want to do that?
Why would you want to do that?
You enter the shallow water.
Moving in this stuff is going to be slow.
Why would you want to do that? Why would you want to do that?
There is a stone staircase leading down here.
There is a staircase leading out of the dungeon here.
You can't go down here!
Are you sure you want to leave the Dungeon?
This will make you lose the game!
You have escaped!

..##.# ##≈≈≈.≈≈≈≈≈ ...#.###
#≈≈≈≈≈.≈≈≈≈≈≈## ..(....#
≈≈≈≈≈≈.≈≈≈≈≈≈≈#. .......#
≈≈8≈≈.≈≈≈≈≈8≈≈≈. . .......#
≈≈≈≈.≈≈≈≈≈≈≈≈≈≈##..
.......##≈≈≈≈≈.≈≈≈~~~≈≈≈≈....
.......##≈≈≈≈≈.≈≈~≈≈≈~≈≈~....
#########≈≈≈≈≈≈..>≈≈≈≈~~≈.###
....# #≈~~≈≈≈≈@..≈≈≈≈≈≈.#
....#####~≈≈~≈≈≈~≈≈.≈≈≈≈≈.#
....##...≈≈≈≈~~~≈≈≈.≈≈≈≈≈.#
....##.##≈≈≈≈≈≈≈≈≈≈.≈≈≈≈≈.#
.......##≈≈≈8≈≈≈≈≈.≈≈
###.......≈≈≈≈ .......##.#≈≈≈
.......##.# ≈≈ .......##.# #


There were no monsters in sight!

Vanquished Creatures
  A dart slug (D:1)
  2 ball pythons (D:1)
  An endoplasm (D:1)
  A goblin (D:1)
  A frilled lizard (D:1)
6 creatures vanquished.

Notes
Turn   | Place    | Note
-------+----------+-------------------------------------------
     0 | D:1      | Moral the Kobold Berserker began the quest for the Orb.
     0 | D:1      | Reached XP level 1. HP: 14/14 MP: 1/1
   190 | D:1      | Reached XP level 2. HP: 19/19 MP: 2/2
   319 | D:$      | Got out of the dungeon alive.

Illustrated notes

Levels and vault maps discovered:
D:1:      nzn_arrival_water_spiral, layout_basic, eino_curves_03,
          minmay_misc_feat_tower

Action                     || total
---------------------------++-------
  Melee: Short sword       ||    18
   Stab: Sleeping          ||     2
 Armour: Animal skin       ||     1
  Dodge: Dodged            ||     9

Table legend: (Time is in decaauts)
 A = Elapsed time spent in this place.
 B = Non-inter-level travel time spent in this place.
 C = Inter-level travel time spent in this place.
 D = Time resting spent in this place.
 E = Time spent auto-exploring this place.
 F = Levels seen in this place.
 G = Mean time per level.
                   A        B        C        D        E       F      G
               +--------+--------+--------+--------+--------+-----+--------+
         Total |    324 |    324 |      0 |      0 |    194 |   1 |  324.0 |
       Dungeon |    324 |    324 |      0 |      0 |    194 |   1 |  324.0 |
               +--------+--------+--------+--------+--------+-----+--------+

Top non-repeatable levels by time:
     D:1: 324 daAuts
